 Dungeon Crawl Stone Soup version 0.18.1-6-gd335043 (webtiles) character file.

89 epen the Skirmisher (level 4, 0/38 HPs)
             Began as a Merfolk Wanderer on May 16, 2016.
             Slain by a centaur (2 damage)
             ... on level 3 of the Dungeon.
             The game lasted 00:02:42 (1747 turns).

epen the Skirmisher (Merfolk Wanderer)              Turns: 1747, Time: 00:02:43

Health: 0/38       AC:  5    Str: 16    XL:     4   Next: 55%
Magic:  4/4        EV: 17    Int: 11    God:
Gold:   38         SH:  0    Dex: 15    Spells: 0 memorised, 3 levels left

rFire  . . .     SeeInvis .     a - +2 short sword
rCold  . . .     Gourm    .     c - +0 ring mail
rNeg   . . .     Faith    .     (no shield)
rPois  .         Spirit   .     (no helmet)
rElec  .         Dismiss  .     (no cloak)
rCorr  .         Reflect  .     (no gloves)
SustAt .         Harm     .     (no boots)
MR     .....                    (no amulet)
Stlth  ++........               (no ring)
                                l - ring of wizardry

@: agile, lethally poisoned (0 -> -4), about to teleport, not resistant to
hostile enchantments, unstealthy
A: change form in water, swift swim
a: no special abilities


You were on level 3 of the Dungeon.
You were not hungry.

You visited 1 branch of the dungeon, and saw 3 of its levels.

You collected 38 gold pieces.

Inventory:

Hand Weapons
 a - a +2 short sword (weapon)
Armour
 c - a +0 ring mail (worn)
Jewellery
 l - a ring of wizardry (left hand)
Scrolls
 b - a scroll of teleportation
 e - 3 scrolls of recharging {unknown}
 g - a scroll of fog {unknown}
 h - 3 scrolls of identify {unknown}
 i - 2 scrolls of remove curse {unknown}
 o - a scroll of random uselessness {unknown}
 p - a scroll of amnesia {unknown}
Potions
 j - a potion of brilliance {unknown}
 k - a potion of degeneration {unknown}
 m - a potion of curing {unknown}
 n - a potion of cancellation {unknown}
Comestibles
 d - 4 bread rations
 f - a meat ration


   Skills:
 + Level 4.9 Fighting
 + Level 3.4 Short Blades
 + Level 2.0 Armour
 * Level 2.9 Dodging
   Level 2.0 Shields


You had 3 spell levels left.
You didn't know any spells.

Dungeon Overview and Level Annotations

Branches:
Dungeon (3/15)

Altars:
Elyvilon
Fedhas
Qazlal


Message History

You barely miss the centaur.
The centaur is moderately wounded.
The adder bites you but does no damage.
The centaur hits you but does no damage.
The adder bites you.
* * * LOW HITPOINT WARNING * * *
You hit the centaur.
The centaur is moderately wounded.
The centaur hits you but does no damage.
The adder bites you.
* * * LOW HITPOINT WARNING * * *
You are lethally poisoned!
The adder poisons you! The centaur hits you.
* * * LOW HITPOINT WARNING * * *
Drink which item? (? for menu, Esc to quit)
It was a potion of agility.
You feel agile all of a sudden.
* * * LOW HITPOINT WARNING * * *
You feel sick. The centaur hits you.
You die...

##.##.#.#.##..#####.
...........#.(....#
...##.#......)(...#+###.
........................
.#.#...[#.####..........
.....##.#.#.............
.......<..#.....(##.#...
.#...#....#.....(# .#
##. #....#.....@##+#####
# +.....#....Sc......#
#..............(...#
#...............<.?#
..................(#
......#.####..........
.... .............# ..
####...........
#...........


You could see a centaur and an adder.

Vanquished Creatures
  Robin (D:2)
  2 adders (D:2)
  2 oozes
  An adder skeleton (D:3)
  A dart slug (D:2)
  3 giant geckos
  A giant cockroach (D:1)
  7 goblins
  6 hobgoblins
  6 kobolds
  5 bats
  4 giant newts
  9 rats
48 creatures vanquished.

Notes
Turn   | Place    | Note
--------------------------------------------------------------
     0 | D:1      | epen the Merfolk Wanderer began the quest for the Orb.
     0 | D:1      | epen set off with: a +2 short sword, a scroll of teleportation, a +0 ring mail, a bread ration
     0 | D:1      | Reached XP level 1. HP: 20/20 MP: 1/1
    59 | D:1      | Reached XP level 2. HP: 22/26 MP: 2/2
   107 | D:1      | Reached skill level 1 in Dodging
   843 | D:2      | Found a white marble altar of Elyvilon.
   902 | D:2      | Reached XP level 3. HP: 28/31 MP: 3/3
   934 | D:2      | Found a stormy altar of Qazlal.
   938 | D:2      | Found a blossoming altar of Fedhas.
  1029 | D:2      | Noticed Robin
  1056 | D:2      | Killed Robin
  1274 | D:2      | Reached XP level 4. HP: 38/38 MP: 4/4
  1562 | D:3      | Noticed a centaur
  1747 | D:3      | Slain by a centaur

Skill      XL: |  1  2  3  4 |
---------------+-------------+-----
Dodging        | 2 |  2.9
Short Blades   | 3 |  3.4
Armour         | 2 |  2.0
Fighting       | |  4.9
Shields        | |  2.0

Action                   |  1- 3 |  4- 6 || total
-------------------------+-------+-------++-------
Melee: Short sword       |   110 |    42 ||   152
  Use: Scroll            |       |     1 ||     1
       Potion            |       |     1 ||     1
  Eat: Chunk             |     1 |     2 ||     3
Armor: Ring mail         |    47 |    19 ||    66
Dodge: Dodged            |    66 |    30 ||    96
